 Dungeon Crawl Stone Soup version 0.25-a0-251-g572059c536 (webtiles) character file.

Game seed: 7199633309160800009, levelgen mode: classic

18 Borgoz the Shield-Bearer (level 2, -2/20 HPs)
             Began as a Halfling Fighter on Dec 4, 2019.
             Slain by a gnoll
             ... wielding a cursed -1 whip
              (4 damage)
             ... on level 2 of the Dungeon.
             The game lasted 00:00:54 (246 turns).

Borgoz the Shield-Bearer (Halfling Fighter)          Turns: 246, Time: 00:00:55

Health: -2/20      AC:  6    Str: 22    XL:     2   Next: 90%
Magic:  2/2        EV:  9    Int:  6    God:
Gold:   39         SH: 10    Dex: 13    Spells: 1/1 levels left

rFire    + . .     SeeInvis .   a - +0 rapier
rCold    x . .     Gourm    .   c - +0 shield
rNeg     . . .     Faith    .   b - +0 scale mail
rPois    .         Spirit   .   (no helmet)
rElec    .         Reflect  .   (no cloak)
rCorr    .         Harm     .   (no gloves)
MR       .....                  (no boots)
Stlth    +.........             (no amulet)
HPRegen  0.06/turn              e - ring of fire
MPRegen  0.08/turn              j - ring of stealth

@: mighty, flying
A: small, mutation resistance 1
a: no special abilities


You were on level 2 of the Dungeon.
You were not hungry.

You visited 1 branch of the dungeon, and saw 2 of its levels.

You collected 39 gold pieces.

Inventory:

Hand Weapons
 a - a +0 rapier (weapon)
Armour
 b - a +0 scale mail (worn)
 c - a +0 shield (worn)
Jewellery
 e - a ring of fire (left hand)
 j - a ring of stealth (right hand)
Scrolls
 g - a scroll of fear {unknown}
 h - a scroll of amnesia {unknown}
 l - a scroll of fog {unknown}
Comestibles
 f - 2 rations
 i - a chunk of flesh


   Skills:
 + Level 2.9 Fighting
 + Level 2.9 Short Blades
 + Level 3.5 Armour
 + Level 3.5 Shields


You had one spell level left.
You didn't know any spells.
Your spell library was empty.

Dungeon Overview and Level Annotations

Branches:
Dungeon (1/15)

Altars:


Innate Abilities, Weirdness & Mutations

You are small and have problems with some larger weapons.
You are somewhat resistant to further mutation.


Message History

The gnoll hits you with a +0 halberd.
You hit the gnoll.
The gnoll is heavily wounded.
You block the gnoll's attack. x2
You hit the gnoll but do no damage.
The gnoll is heavily wounded.
The gnoll barely misses you.
You hit the gnoll.
The gnoll is moderately wounded.
You block the gnoll's attack.
The gnoll hits you from afar with a +0 halberd!
You feel very mighty all of a sudden. You block the gnoll's attack.
The gnoll hits you with a +0 flail.
* * * LOW HITPOINT WARNING * * *
You block the gnoll's attack.
It was a potion of flight.
You feel very buoyant.
You fly up into the air.
The gnoll hits you with a cursed -1 whip.
You die...

### ##.#####
######.......
#.##......... #+
#.#.........#
#####.######.#......##.#
......g......#....#.##.#
......g.........#.#.##.#
#gg@........+...##[#
#...........#.####..
###.........#)......
..............#####
....#####.......# .....
#........# .....
...#+###### ..... #...
#..


You could see 4 gnolls.

Vanquished Creatures
  An adder (D:2)
  2 giant cockroaches
  A goblin (D:1)
  A hobgoblin (D:1)
  A bat (D:1)
  A frilled lizard (D:1)
  2 kobolds
9 creatures vanquished.

Notes
Turn   | Place    | Note
-------+----------+-------------------------------------------
     0 | D:1      | Borgoz the Halfling Fighter began the quest for the Orb.
     0 | D:1      | Reached XP level 1. HP: 15/15 MP: 1/1
   132 | D:1      | Reached XP level 2. HP: 18/20 MP: 2/2
   151 | D:1      | You fall into a shaft and drop 1 floor!
   246 | D:2      | Slain by a gnoll

Levels and vault maps discovered:
D:1:      dpeg_arrival_simpleton_a, layout_basic
D:2:      layout_basic, okawaru_trees_2, old_standard_altar, marbit_many_paths,
          gammafunk_temple_overflow_pools, minmay_misc_feat_square,
          dk_yredelemnul_ordeal, uniq_sigmund

Action                   || total
-------------------------++-------
Melee: Rapier            ||    44
  Use: Potion            ||     2
Armor: Scale mail        ||    17
Dodge: Dodged            ||    16
Block: Shield            ||    22

Table legend:
 A = Non-vault XP
 B = Vault XP
 C = Vault XP percentage of total XP
 D = Non-vault monster count
 E = Vault monster count
 F = Vault count percentage of total count
                 A         B        C        D         E       F
            +---------+---------+-------+---------+---------+-------
      Total |      27 |       0 |   0.0 |       9 |       0 |   0.0
            +---------+---------+-------+---------+---------+-------
        D:1 |       9 |       0 |   0.0 |       6 |       0 |   0.0
        D:2 |      18 |       0 |   0.0 |       3 |       0 |   0.0
            +---------+---------+-------+---------+---------+-------
